AoeStats
← Carple

MegaRandom

506938225Analyzed
1v1 RM · 17d ago on Sep 15, 2026· 30m 48s· 2 players
Game mode
Random Map
Map size
Tiny (2 player)
Population
200
Speed
Normal
Resources
Standard
Victory
Conquest
Starting age
Dark Age
Ending age
Imperial Age
RankedLock teamsTeams togetherTeam positionsShared explorationLock speedFull tech treeHidden civsTurbo modeCheats
Victory
Defeat
🇹🇷 Mongols · Türkiye
1304
+14
🇨🇦 Spanish · Canada
1270
-14
Carple
4:24 Loom
10:37 Feudal Age
16:21 Castle Age
14:29 Double-Bit Axe
15:03 Fletching
15:11 Horse Collar
16:05 Stone Mining
17:48 Town Watch
19:18 Bodkin Arrow
21:33 Padded Archer Armor
23:13 Bloodlines
26:11 Husbandry
karamuk
8:17 Loom
10:09 Feudal Age
16:08 Castle Age
14:41 Double-Bit Axe
20:07 Fletching
21:01 Padded Archer Armor
23:30 Bodkin Arrow
25:08 Horse Collar
28:09 Ballistics
29:10 Wheelbarrow
Connection lost

Rejoining the realm…

Still unreachable

The connection could not be restored.

Session expired

The server has moved on; the page needs a fresh start.